 Dungeon Crawl Stone Soup version 0.29.1-13-g9f3cf754e1 (webtiles) character file.

Game seed: 2452190364781357825

46065 croobank the Covert (level 14, -2/108 HPs)
             Began as a Demonspawn Ice Elementalist on Feb 11, 2023.
             Was an Initiate of Gozag.
             Shot with a bolt by a yaktaur (26 damage)
             ... in a volcano.
             The game lasted 01:58:26 (34675 turns).

croobank the Covert (Demonspawn Ice Elementalist)  Turns: 34675, Time: 01:58:27

Health: -2/108     AC: 12    Str: 18    XL:     14   Next: 3%
Magic:  26/26      EV: 15    Int: 20    God:    Gozag
Gold:   2988       SH:  5    Dex: 16    Spells: 11/30 levels left

rFire   + + +      SeeInvis .   Y - +5 scimitar of Kyiggeutz {freeze, rPois rF+ Str+4}
rCold   . . .      Faith    .   (no shield)
rNeg    . . .      Spirit   .   j - +0 ring mail {rF+}
rPois   +          Reflect  +   (helmet unavailable)
rElec   .          Harm     .   a - +0 cloak
rCorr   .          Rampage  .   l - +2 pair of gloves
Will    +....                   (no boots)
Stlth   ++++......              w - amulet of reflection
HPRegen 0.28/turn               h - ring of protection from fire
MPRegen 0.20/turn               U - +6 ring of strength

@: gold aura
A: horns 3, molten scales 2, foul stench 2, powered by pain 2
a: Renounce Religion, Potion Petition, Call Merchant, Bribe Branch


You were in a volcano.
You worshipped Gozag.
Gozag was most pleased with you.
You visited 3 branches of the dungeon, and saw 18 of its levels.
You also visited: Sewer, Ice Cave and Volcano.

You collected 3918 gold pieces.
You spent 65 gold pieces at shops.
You paid 865 gold pieces to Gozag.

Inventory:

Hand Weapons
 k - a +1 war axe of venom
 R - a +4 trident
 Y - the +5 scimitar of Kyiggeutz (weapon) {freeze, rPois rF+ Str+4}
   (You found it on level 9 of the Dungeon)

   It freezes those it strikes, dealing additional cold damage.
   It can also slow down cold-blooded creatures.
   Str:       It affects your strength (+4).
   rF:        It protects you from fire.
   rPois:     It protects you from poison.
Missiles
 i - 38 poisoned darts
 p - 6 javelins (quivered)
 x - 4 throwing nets
Armour
 a - a +0 cloak (worn)
 c - a +1 robe
 j - a +0 ring mail of fire resistance (worn)
 l - a +2 pair of gloves (worn)
Magical Staves
 d - a staff of cold
Jewellery
 e - a +4 ring of protection
 f - a ring of willpower
 h - a ring of protection from fire (left hand)
 n - an amulet of the acrobat
 o - a ring of poison resistance
 v - a ring of protection from cold
 w - an amulet of reflection (around neck)
 C - a +4 ring of evasion
 P - a ring of positive energy
 U - a +6 ring of strength (right hand)
Wands
 y - a wand of flame (17)
 F - a wand of mindburst (4)
 G - a wand of digging (12)
 J - a wand of charming (2)
Scrolls
 r - a scroll of brand weapon
 s - 3 scrolls of fog
 D - 5 scrolls of teleportation
 H - 2 scrolls of identify
 L - a scroll of immolation
 Q - a scroll of enchant armour
 T - 3 scrolls of fear
 W - 2 scrolls of torment
 Z - 2 scrolls of enchant weapon
Potions
 b - a potion of heal wounds
 q - 4 potions of curing
 u - 2 potions of magic
 z - 3 potions of haste
 A - a potion of berserk rage
 B - a potion of might
 E - a potion of attraction
 K - a potion of invisibility
 M - 4 potions of brilliance
 N - 3 potions of lignification
 X - 5 potions of mutation
Miscellaneous
 g - a tin of tremorstones (2/2)
 S - a condenser vane


   Skills:
 + Level 9.3 Fighting
 + Level 8.1 Staves
 + Level 8.6 Dodging
 + Level 9.4 Stealth
 + Level 8.8 Spellcasting
 + Level 7.7 Conjurations
 + Level 7.8 Summonings
 + Level 9.4 Ice Magic


You had 11 spell levels left.
You knew the following spells:

 Your Spells              Type           Power      Damage    Failure   Level
a - Freeze                Ice            100%       1d11      1%          1
b - Frozen Ramparts       Ice            92%        1d14      1%          3
c - Ozocubu's Armour      Ice            46%        N/A       1%          3
d - Hailstorm             Conj/Ice       43%        3d10      4%          4
e - Call Canine Familiar  Summ           40%        N/A       1%          3
f - Summon Guardian Gole  Hex/Summ       24%        N/A       9%          3
g - Ensorcelled Hibernat  Hex/Ice        54%        N/A       3%          2

Your spell library contained the following spells:

 Spells                   Type           Power      Damage    Failure   Level
 Summon Small Mammal      Summ           100%       N/A       1%          1
 Call Imp                 Summ           40%        N/A       1%          2
 Poisonous Vapours        Pois/Air       16%        N/A       22%         2
 Portal Projectile        Hex/Tloc       16%        N/A       38%         3
 Spider Form              Tmut/Pois      8%         N/A       38%         3
 Tukima's Dance           Hex            8%         N/A       38%         3
 Summon Forest            Summ/Tloc      12%        N/A       61%         5
 Anguish                  Hex/Necr       4%         N/A       80%         4
 Cause Fear               Hex            4%         N/A       80%         4
 Dispel Undead            Necr           8%         3d8       80%         4
 Passage of Golubria      Tloc           8%         N/A       80%         4
 Blade Hands              Tmut           4%         N/A       98%         5
 Yara's Violent Unravell  Hex/Tmut       4%         3d4       98%         5
 Death Channel            Necr           4%         N/A       100%        6
 Eringya's Noxious Bog    Tmut/Pois      4%         N/A       100%        6
 Dragon Form              Tmut           4%         N/A       100%        7
 Enfeeble                 Hex            4%         N/A       100%        7
 Dragon's Call            Summ           20%        N/A       100%        9
 Corpse Rot               Necr/Pois/Air  Unusable   N/A       N/A         4

Dungeon Overview and Level Annotations

Branches:
Dungeon (12/15)            Temple (1/1) D:6            Lair (5/5) D:10
 Shoals (0/4) Lair:3        Snake (0/4) Lair:3        Slime (0/5) Lair:4
    Orc (0/2) D:10          Sewer (visited)           IceCv (visited)
Volcano (1/1)

Altars:
Ashenzari
Cheibriados
Dithmenos
Fedhas
Gozag
Hepliaklqana
Kikubaaqudgha
Makhleb
Nemelex Xobeh
Okawaru
Qazlal
Ru
Sif Muna
Trog
Uskayaw
Vehumet
Wu Jian
Xom
Yredelemnul
Jiyva

Shops:
D:3 !   D:5 ?   D:11 (

Annotations:
D:8 2 transporters
D:10 2 runed translucent doors, nroviw's ghost, journeyman TrFi


Innate Abilities, Weirdness & Mutations

You have a pair of large horns on your head.
You are mostly covered in molten scales. (AC +3)
You sometimes emit foul miasma when damaged in melee.
You sometimes gain power by taking damage.


Message History

The yaktaur shoots a bolt.
The bolt hits you!!
You focus on the pain.
You feel your power returning. The bolt burns you.
The heat melts your icy armour.
Casting: Ozocubu's Armour (safe; 1% risk of failure)
Confirm with . or Enter, or press ? or * to list all spells.
Casting: Frozen Ramparts (safe; 1% risk of failure)
Press: ? - help, Dir - look around, f - activate The walls around you are covered in ice.
The wall freezes the centaur.
You block the centaur's attack.
The centaur kicks you but does no damage.
The wall freezes the centaur.
The centaur misses you. The centaur closely misses you.
The wall freezes the centaur!
You block the centaur's attack. The centaur kicks you.
The yaktaur shoots a bolt.
The bolt closely misses you.
The wall freezes the centaur.
The centaur hits you but does no damage.
The centaur kicks you but does no damage.
You hit the centaur but do no damage.
The centaur is almost dead.
The wall freezes the centaur.
You block the centaur's attack. The centaur completely misses you.
The wall freezes the centaur!
You block the centaur's attack. x2; The yaktaur shoots a bolt.
The bolt hits you but does no damage.
The wall freezes the centaur.
You kill the centaur!
The wall freezes the centaur!
You kill the centaur!
Your icy armour and frozen ramparts will break if you move.
Continue? [Y]es or [N]o only, please.
Your icy armour and frozen ramparts will break if you move.
Continue?
Your icy armour cracks and falls away as you move.
The frozen ramparts melt away as you move.
The yaktaur shoots a bolt.
The bolt closely misses you.
The yaktaur shoots a bolt.
The bolt hits you!!
* * * LOW HITPOINT WARNING * * *
You focus on the pain.
You feel your power returning. The bolt burns you.
* * * LOW HITPOINT WARNING * * *
The yaktaur shoots a bolt.
The bolt misses you.
The yaktaur shoots a bolt.
The bolt hits you!!
You die...
Your body crumbles into a pile of gold.

§≈§####
#######≈§§§≈##
#$)[[!###≈≈≈≈##
#.[.[.#$##≈§≈≈#
+.!.$.+.$#≈≈≈≈##
+.._..+..##≈≈≈≈#
#....p#...#≈≈§§≈
#######...#≈§§≈≈
+.....'.@.#§§≈≈≈
#..≈).#...#≈§≈≈#
#8≈≈≈8#...#≈§≈##
+..≈..+.c##§≈≈≈#
+.....+..# ≈§≈#
§ #8...8#.##≈
≈##
≈§###.....###≈≈
##
≈≈≈§≈.....≈§§≈≈
≈≈§≈≈8...8≈§≈§#


You could see a yaktaur.

Vanquished Creatures
  A boulder beetle (Lair:5)
  A catoblepas (Lair:4)
  2 hydras
  A centaur warrior (Volcano)
  2 two-headed ogres
  2 death yaks (Lair:3)
  Nergalle (Lair:2)
  Pikel (D:5)
  An ugly thing (D:11)
  2 cyclopes (D:12)
  7 elephants (Lair:2)
  2 black mambas
  A torpor snail (Lair:5)
  A gargoyle (D:11)
  5 cane toads
  An unseen horror (D:12)
  A rime drake (IceCv)
  A komodo dragon (Lair:1)
  4 polar bears
  2 trolls (D:11)
  A hornet (D:10)
  5 dream sheep (Lair:4)
  18 blink frogs
  2 shadows (D:9)
  A vampire (D:12)
  A wraith (D:10)
  12 yaks
  2 wyverns
  2 basilisks
  3 fire bats (Lair:5)
  A vampire mosquito (D:11)
  5 steam dragons
  3 nagas (Lair:3)
  An acid dragon (D:10)
  5 water moccasins
  A black bear (D:7)
  2 orc warriors
  Pargi (Sewer)
  15 wolves
  2 ogres
  7 centaurs
  2 phantoms
  A kobold brigand (D:7)
  2 necrophages
  A scorpion (D:5)
  12 bullfrogs
  A gnoll sergeant (D:8)
  7 wights
  9 killer bees
  A howler monkey (D:6)
  2 hounds
  2 jellies
  A gnoll bouda (D:7)
  6 orc priests
  2 iguanas (D:5)
  Ijyb (D:4)
  8 orc wizards
  A hell rat (Lair:5)
  A nameless horror (D:10)
  Robin (D:2)
  11 gnolls
  7 adders
  3 river rats
  2 shadow imps
  3 ufetubi
  4 dart slugs
  36 orcs
  A bat zombie (D:3)
  11 endoplasms
  4 giant cockroaches
  13 goblins
  15 hobgoblins
  7 jackals
  4 quokkas
  9 ball pythons
  2 bats
  5 frilled lizards
  14 kobolds
  5 rats
  2 rat zombies (D:3)
  A spectral goblin (D:3)
349 creatures vanquished.

Vanquished Creatures (collateral kills)
  A lindwurm (D:8)
  A black mamba (Lair:3)
  An unseen horror (D:12)
  A rime drake (Lair:4)
  A blink frog (Lair:1)
  A centaur (Lair:3)
6 creatures vanquished.

Vanquished Creatures (others)
  A frost giant (IceCv)
  Harold (D:11)
  A two-headed ogre (D:9)
  A hydra (D:12)
  7 death yaks
  Sonja (Lair:3)
  3 black mambas
  An ice statue (IceCv)
  6 rime drakes
  2 komodo dragons
  A troll (D:12)
  A polar bear (IceCv)
  A blink frog (Lair:5)
  16 yaks
  A wraith (D:12)
  A basilisk (Lair:4)
  5 vampire mosquitoes
  A naga (Lair:3)
  An acid dragon (D:11)
  2 water moccasins (Lair:3)
  2 ice beasts (D:7)
  2 centaurs
  3 wolves
  A kobold brigand (D:9)
  A gnoll sergeant (D:11)
  5 wights
  2 gnolls (D:11)
  2 river rats (Lair:5)
  3 kobolds
  38 fungi
  46 plants
159 creatures vanquished.

Grand Total: 514 creatures vanquished

Notes
Turn   | Place    | Note
-------+----------+-------------------------------------------
     0 | D:1      | croobank the Demonspawn Ice Elementalist began the quest
                  | for the Orb.
     0 | D:1      | Reached XP level 1. HP: 13/13 MP: 3/3
   655 | D:1      | Gained mutation: You have a pair of small horns on your
                  | head. [demonic ancestry]
   655 | D:1      | Reached XP level 2. HP: 20/20 MP: 5/5
  1301 | D:1      | Reached skill level 1 in Fighting
  1599 | D:2      | Gained mutation: You have a pair of horns on your head.
                  | [demonic ancestry]
  1599 | D:2      | Reached XP level 3. HP: 26/26 MP: 4/6
  1604 | D:2      | Learned a level 3 spell: Frozen Ramparts
  2439 | D:2      | Noticed Robin
  2442 | D:2      | Killed Robin
  2525 | D:2      | Gained mutation: You are partially covered in molten
                  | scales. (AC +2) [demonic ancestry]
  2525 | D:2      | Reached XP level 4. HP: 28/32 MP: 3/7
  3075 | D:3      | Learned a level 3 spell: Ozocubu's Armour
  3233 | D:3      | Found Qesifav's Distillery.
  3241 | D:3      | Bought a potion of heal wounds for 65 gold pieces
  3274 | D:3      | Found a faded altar of an unknown god.
  3724 | D:3      | Found an ancient bone altar of Kikubaaqudgha.
  4052 | D:4      | Found a glowing drain.
  4075 | Sewer    | Entered a sewer
  4216 | Sewer    | Noticed Pargi
  4232 | Sewer    | Killed Pargi
  4233 | Sewer    | Reached XP level 5. HP: 18/38 MP: 0/9
  4603 | D:4      | Gained mutation: You sometimes gain a little power by
                  | taking damage. [demonic ancestry]
  4603 | D:4      | Reached XP level 6. HP: 38/44 MP: 0/10
  5044 | D:4      | Learned a level 4 spell: Hailstorm
  5216 | D:4      | Noticed Ijyb
  5222 | D:4      | Killed Ijyb
  5653 | D:5      | Entered Level 5 of the Dungeon
  5667 | D:5      | Noticed Pikel
  5677 | D:5      | Killed Pikel
  5678 | D:5      | Reached skill level 5 in Ice Magic
  5678 | D:5      | Gained mutation: You have a pair of large horns on your
                  | head. [demonic ancestry]
  5678 | D:5      | Reached XP level 7. HP: 47/52 MP: 1/13
  5746 | D:5      | Reached XP level 8. HP: 51/59 MP: 1/14
  7257 | D:5      | Found a shimmering blue altar of Sif Muna.
  7408 | D:5      | Found Ecwing's Magic Scroll Shoppe.
  7640 | D:6      | Found a staircase to the Ecumenical Temple.
  7652 | Temple   | Entered the Ecumenical Temple
  7663 | Temple   | Became a worshipper of Gozag Ym Sagoz the Greedy
  7781 | D:6      | Reached skill level 5 in Stealth
  8043 | D:6      | Gained mutation: You may rarely emit foul miasma when
                  | damaged in melee. [demonic ancestry]
  8043 | D:6      | Reached XP level 9. HP: 66/66 MP: 3/16
  8048 | D:6      | Reached skill level 5 in Spellcasting
  8996 | D:6      | Reached skill level 5 in Dodging
  8996 | D:6      | Reached skill level 1 in Conjurations
  8996 | D:6      | Reached skill level 1 in Summonings
  9183 | D:7      | Reached skill level 5 in Fighting
 10198 | D:7      | Learned a level 3 spell: Call Canine Familiar
 10202 | D:7      | Learned a level 3 spell: Summon Guardian Golem
 11214 | D:8      | Noticed a two-headed ogre
 11224 | D:8      | Killed a two-headed ogre
 11616 | D:8      | Reached XP level 10. HP: 68/74 MP: 7/18
 12105 | D:8      | Found a transporter.
 12700 | D:8      | Noticed a lindwurm
 12705 | D:8      | Learned a level 2 spell: Ensorcelled Hibernation
 12705 | D:8      | Noticed a lindwurm
 12845 | D:8      | Noticed a lindwurm
 12861 | D:8      | Noticed a lindwurm
 13549 | D:9      | Noticed a two-headed ogre
 13573 | D:9      | Killed a two-headed ogre
 13976 | D:9      | Got the Vademecum on Vitriolic Adjuration
 15309 | D:8      | Found a transporter.
 15346 | D:8      | Found the +7 Singing Sword {vorpal, sonic wave}
 15517 | D:9      | Reached skill level 5 in Staves
 15932 | D:9      | Identified the +5 scimitar of Kyiggeutz {freeze, rPois rF+
                  | Str+4}
 16252 | D:10     | Entered Level 10 of the Dungeon
 16252 | D:10     | Noticed a two-headed ogre
 16257 | D:10     | Killed a two-headed ogre
 16913 | D:10     | Gained mutation: You sometimes emit foul miasma when
                  | damaged in melee. [demonic ancestry]
 16913 | D:10     | Reached XP level 11. HP: 69/83 MP: 14/20
 16983 | D:10     | Found a sparkling altar of Nemelex Xobeh.
 17102 | D:10     | Found a shadowy altar of Dithmenos.
 17108 | D:10     | Found an iron altar of Okawaru.
 17339 | D:10     | Found a staircase to the Orcish Mines.
 18359 | D:10     | Found a large runed translucent door.
 18360 | D:10     | Found a large runed translucent door.
 18361 | D:10     | Noticed nroviw's ghost (journeyman TrFi)
 18484 | D:10     | Found a staircase to the Lair.
 19320 | D:8      | Killed a lindwurm
 19843 | D:11     | Noticed a cyan ugly thing
 20129 | D:11     | Noticed Harold
 20152 | D:11     | Found a frozen archway.
 20152 | D:11     | Killed Harold
 20170 | D:11     | Killed a cyan ugly thing
 20183 | IceCv    | Entered an ice cave
 20525 | IceCv    | Reached skill level 5 in Conjurations
 20545 | IceCv    | Reached skill level 5 in Summonings
 21003 | IceCv    | Noticed a death yak
 21018 | IceCv    | Killed a death yak
 21326 | IceCv    | Noticed a death yak
 21327 | IceCv    | Noticed a death yak
 21347 | IceCv    | Noticed a death yak
 21351 | IceCv    | Killed a death yak
 21355 | IceCv    | Killed a death yak
 21356 | IceCv    | Reached XP level 12. HP: 91/91 MP: 4/22
 21356 | IceCv    | Killed a death yak
 21598 | IceCv    | Noticed a frost giant
 21598 | IceCv    | Noticed a death yak
 21618 | IceCv    | Killed a death yak
 21642 | IceCv    | Killed a frost giant
 22781 | IceCv    | Noticed a death yak
 22831 | IceCv    | Killed a death yak
 23885 | D:11     | Found Xuxzeome's Antique Weapon Shoppe.
 24750 | D:12     | Noticed a four-headed hydra
 24763 | D:12     | Killed a four-headed hydra
 25524 | D:12     | HP: 3/92 [something (6)]
 25971 | D:12     | Found an opulent altar of Gozag.
 26257 | D:12     | Identified the +9 flail of the Grey Skies {freeze, rPois
                  | Str-4 Dex+2}
 26507 | Lair:1   | Entered Level 1 of the Lair of Beasts
 27509 | Lair:1   | Noticed an eight-headed hydra
 27543 | Lair:1   | Killed an eight-headed hydra
 28635 | Lair:2   | Gained mutation: You are mostly covered in molten scales.
                  | (AC +3) [demonic ancestry]
 28635 | Lair:2   | Reached XP level 13. HP: 67/99 MP: 13/25
 29001 | Lair:2   | Noticed Nergalle
 29009 | Lair:2   | Killed Nergalle
 30883 | Lair:3   | Found a staircase to the Snake Pit.
 30924 | Lair:3   | Noticed Sonja
 30933 | Lair:3   | Your ally Sonja died
 31655 | Lair:3   | Found a staircase to the Shoals.
 33829 | Lair:4   | Found a viscous altar of Jiyva.
 33830 | Lair:4   | Found a staircase to the Slime Pits.
 33910 | Lair:5   | Entered Level 5 of the Lair of Beasts
 34377 | Lair:5   | Found a dark tunnel.
 34384 | Lair:5   | Gained mutation: You sometimes gain power by taking damage.
                  | [demonic ancestry]
 34384 | Lair:5   | Reached XP level 14. HP: 88/108 MP: 13/26
 34399 | Volcano  | Entered a volcano
 34473 | Volcano  | Found a radiant altar of Vehumet.
 34675 | Volcano  | Shot with a bolt by a yaktaur

Illustrated notes

Levels and vault maps discovered:
D:1:      minmay_arrival_semitransparent, layout_basic
D:2:      layout_loops_corners, uniq_robin
D:3:      layout_loops_ring, lemuel_zombie_altar_kikubaaqudgha, serial_shops,
          shop, dreamdust_ecumenical_altar_drowned_temple
D:4:      cheibrodos_old_hovel, layout_rooms, gup_sewer_entry_bowl, uniq_ijyb
D:5:      layout_rooms, led_sif_pool, serial_shops, kennysheep_mini,
          grunt_decor_one_mirror, uniq_pikel
D:6:      kennysheep_steamy, layout_cave_pods, minmay_temple_entry_offerings
D:7:      layout_basic, kennysheep_generic_room_15
D:8:      gammafunk_cloud_chamber, layout_loops_ring, kennysheep_small_spiral,
          minmay_lindwurm_lava
D:9:      layout_basic
D:10:     layout_basic, nicolae_overflow_hallway_of_the_gods, lair_entry_dummy,
          minmay_orc_entry_temple_small, ebering_ghost_disaster_area
D:11:     layout_big_octagon, portal_ice_cave_entry_pillars_1, serial_shops,
          nicolae_shop_trees, uniq_harold
D:12:     layout_loops_ring, nicolae_gozag_cash_rules_everything_around_me
Temple:   hellmonk_temple_of_storms
Lair:1:   layout_hall_layers, beast_lair_carwin_9
Lair:2:   layout_chaotic_city, uniq_nergalle
Lair:3:   layout_cave_shapes, minmay_shoals_entry_centaurs,
          minmay_snake_entry_guardpost_medium, uniq_sonja
Lair:4:   layout_loops_ring, dpeg_slime_entry_enclosed
Lair:5:   hellmonk_lair_end_abyssal_woods, layout_regular_city,
          nicolae_volcano_entry_batcave, serial_rivers,
          chequers_serial_rivers_small_3, chequers_serial_rivers_large_b,
          chequers_serial_rivers_room_b, chequers_serial_rivers_micro_e,
          kennysheep_abandoned_house, uniq_urug
Volcano:  kennysheep_volcano_temple

Skill      XL: |  1  2  3  4  5  6  7  8  9 10 11 12 13 |
---------------+----------------------------------------+-----
Stealth        | 2 3 4 5 6 7 8 9 |  9.4
Dodging        | 2 3 4 5 6 7 8 |  8.6
Fighting       | 1 2 3 4 5 6 7 8 9 |  9.3
Ice Magic      | 4 5 6 7 8 9 |  9.4
Spellcasting   | 3 4 5 6 7 8 |  8.8
Staves         | 2 3 4 5 6 7 8 |  8.1
Conjurations   | 2 4 5 6 7 |  7.7
Summonings     | 2 4 5 6 7 |  7.8

Action                   |  1- 3 |  4- 6 |  7- 9 | 10-12 | 13-15 || total
-------------------------+-------+-------+-------+-------+-------++-------
Melee: Unarmed           |     2 |       |       |       |       ||     2
       Spear             |     1 |       |       |       |       ||     1
       Rapier            |       |    10 |       |       |       ||    10
       Headbutt          |       |     6 |    24 |    58 |    26 ||   114
       Staff             |       |    16 |   105 |   102 |       ||   223
       Punch             |       |       |     2 |     5 |     2 ||     9
       Scimitar          |       |       |       |   116 |   123 ||   239
 Fire: Sling             |    81 |    66 |       |       |       ||   147
Throw: Javelin           |       |     2 |       |     5 |     1 ||     8
 Cast: Freeze            |    20 |    17 |    57 |    43 |    13 ||   150
       Frozen Ramparts   |     7 |    22 |    35 |    46 |    35 ||   145
       Ozocubu's Armour  |       |    16 |    30 |    48 |    34 ||   128
       Hailstorm         |       |     2 |    14 |    23 |    27 ||    66
       Summon Guardian G |       |       |     2 |    69 |    38 ||   109
       Call Canine Famil |       |       |     2 |    28 |    20 ||    50
       Ensorcelled Hiber |       |       |       |     2 |       ||     2
Invok: Potion Petition   |       |       |       |     2 |       ||     2
Evoke: Wand              |       |       |     3 |    13 |     6 ||    22
  Use: Scroll            |     4 |    13 |     5 |    15 |     4 ||    41
       Potion            |       |     2 |       |    20 |     2 ||    24
 Stab: Sleeping          |     1 |     1 |       |     2 |       ||     4
       Distracted        |       |       |       |       |     1 ||     1
Armor: Robe              |     5 |    44 |    46 |   135 |    91 ||   321
       Skin              |       |       |       |     5 |       ||     5
       Ring mail         |       |       |       |       |    12 ||    12
Dodge: Dodged            |    32 |    64 |   163 |   352 |   198 ||   809
Block: Other             |       |    20 |    52 |    85 |    57 ||   214
       Reflection        |       |       |     2 |     3 |     4 ||     9
